 Dungeon Crawl Stone Soup version 0.28-a0-503-g83f2989fac (webtiles) character file.

Game seed: 449940846986078920

1971 pablusdiablus the Cleaver (level 9, -7/80 HPs)
             Began as a Minotaur Fighter on Sept 20, 2021.
             Mangled by Grum (21 damage)
             ... on level 8 of the Dungeon.
             The game lasted 00:19:47 (5407 turns).

pablusdiablus the Cleaver (Minotaur Fighter)        Turns: 5407, Time: 00:19:48

Health: -7/80      AC: 10    Str: 25    XL:     9   Next: 0%
Magic:  8/8        EV: 10    Int:  5    God:
Gold:   178        SH:  4    Dex:  9    Spells: 8/8 levels left

rFire   + . .      SeeInvis +   a - +0 war axe
rCold   x . .      Faith    .   c - +0 buckler
rNeg    . . .      Spirit   .   b - +0 scale mail
rPois   .          Reflect  .   (helmet restricted)
rElec   .          Harm     .   (no cloak)
rCorr   .          Rampage  .   s - +1 pair of gloves
Will    .....                   (no boots)
Stlth   ..........              (no amulet)
HPRegen 0.23/turn               e - ring of fire
MPRegen 0.11/turn               i - ring of see invisible

@: mighty
A: horns 2, retaliatory headbutt
a: no special abilities


You were on level 8 of the Dungeon.
You visited 1 branch of the dungeon, and saw 6 of its levels.

You collected 178 gold pieces.

Inventory:

Hand Weapons
 a - a +0 war axe (weapon)
 k - a +0 hunting sling
 m - a +1 dagger of holy wrath
 v - a +3 hand crossbow
Missiles
 g - 90 stones (quivered)
 p - 2 boomerangs
 t - 35 bolts
Armour
 b - a +0 scale mail (worn)
 c - a +0 buckler (worn)
 s - a +1 pair of gloves (worn)
Jewellery
 e - a ring of fire (left hand)
 i - a ring of see invisible (right hand)
Scrolls
 f - 2 scrolls of enchant armour
 h - 2 scrolls of teleportation
 l - a scroll of immolation
 n - a scroll of amnesia
 q - a scroll of torment
Potions
 j - a potion of lignification {unknown}
 o - 2 potions of brilliance {unknown}
 r - a potion of heal wounds {unknown}
 u - a potion of invisibility {unknown}
 w - a potion of berserk rage {unknown}


   Skills:
 * Level 7.6 Fighting
 * Level 10.1 Axes
 + Level 0.3 Slings
 + Level 3.7 Crossbows
 + Level 6.8 Armour
 - Level 3.6 Shields


You had 8 spell levels left.
You didn't know any spells.
Your spell library contained the following spells:

 Spells                   Type           Power      Damage    Failure   Level
 Passwall                 Tmut/Erth      0%         N/A       88%         2
 Slow                     Hex            0%         N/A       88%         2
 Confusing Touch          Hex            0%         N/A       98%         3
 Swiftness                Air            0%         N/A       98%         3
 Tukima's Dance           Hex            0%         N/A       98%         3
 Vampiric Draining        Necr           0%         2d6       98%         3
 Passage of Golubria      Tloc           N/A        N/A       100%        4
 Yara's Violent Unravell  Hex/Tmut       0%         3d3       100%        5
 Invisibility             Hex            0%         N/A       100%        6


Dungeon Overview and Level Annotations

Branches:
Dungeon (8/15)
 Temple: D:4-7         Lair: D:8-11

Altars:

Shops:
D:1 (

Annotations:
D:5 Eustachio
D:8 Grum


Innate Abilities, Weirdness & Mutations

You have a pair of horns on your head.
You reflexively headbutt those who attack you in melee.


Message History

The wolf moves out of view.
The wolf howls!
You hear two shouts!
You hear a shout!
A white imp comes into view.
The orc barely misses you.
A bullfrog comes into view.
The white imp moves out of view.
You feel very mighty all of a sudden.
The bullfrog gives a loud, deep croak!
The wolf bites something!
The wolf completely misses something.
The orc barely misses you. You furiously retaliate!
You headbutt the orc!
You kill the orc!
The wolf bites something!
The wolf bites you.
The wolf bites something!
You barely miss the wolf. You headbutt the wolf!
The wolf is severely wounded.
The wolf bites you.
The wolf bites something.
The wolf closely misses you.
You closely miss the wolf. Your headbutt misses the wolf.
The wolf is severely wounded.
You block the wolf's attack.
Grum hits you from afar with a -1 glaive!
You are too injured to fight recklessly!
You are too injured to fight recklessly!
You closely miss the wolf. Your headbutt misses the wolf.
The wolf is severely wounded.
The wolf barely misses you. You furiously retaliate!
You headbutt the wolf!
You kill the wolf!
The wolf bites you but does no damage.
Grum hits you from afar with a -1 glaive!!
* * * LOW HITPOINT WARNING * * *
You have reached level 9!
Your experience leads to an increase in your attributes!
Increase (S)trength, (I)ntelligence, or (D)exterity?
You feel stronger.
You miss the wolf. The wolf barely misses you. You furiously retaliate!
You headbutt the wolf. Grum closely misses you. The wolf bites you.
* * * LOW HITPOINT WARNING * * *
You closely miss the wolf.
The wolf is lightly wounded.
The wolf closely misses you.
Grum hits you from afar with a -1 glaive!!
You die...

#.#**** *,*,*,**,**
#.#*,,* **,*,*,*,*,
#.#,≈≈***,*,*,*,⌠,*
#.#,≈≈,***,*,*,*,*,
#.#,≈,,**,*,*,**,**
#.#,,*♣♣********+**
#.#*,..**,,,,,*,,,*
##.#♣F♣♣♣♣♣***,*,,,*
#..@hghh..♣*,,,+<8>+
#..#♣♣♣.♣♣♣***,*,,,*
#..#**,,**,,,,,*,,,*
****#$.#*,≈,*********+**
*,,,...#,,≈,* *****,,,**
*,,.#..#,*≈,***,**,****,
**,.....#,,,,**,*,,**,,,*
**,..,...***,******,**,,**
*,,,,,,,,******* **,,,,*


You could see Grum, 3 wolves and a bullfrog.

Vanquished Creatures
  Pikel (D:8)
  Sigmund (D:3)
  2 yaks (D:4)
  A necrophage (D:4)
  An orc warrior (D:8)
  A wolf (D:8)
  An ogre (D:4)
  3 lemures (D:8)
  A bullfrog (D:8)
  3 scorpions (D:4)
  A howler monkey (D:4)
  2 centaur zombies (D:8)
  3 orc priests (D:8)
  Jessica (D:3)
  2 orc wizards
  Natasha (thrice) (D:4)
  A killer bee zombie (D:8)
  Robin (D:2)
  5 adders
  A worm (D:3)
  A dart slug (D:2)
  8 orcs
  7 endoplasms
  2 giant cockroaches
  16 goblins
  7 hobgoblins
  6 kobolds
  4 quokkas
  4 ball pythons
  7 bats
  6 frilled lizards
  5 rats
108 creatures vanquished.

Vanquished Creatures (others)
  8 plants (D:8)
8 creatures vanquished.

Grand Total: 116 creatures vanquished

Notes
Turn   | Place    | Note
-------+----------+-------------------------------------------
     0 | D:1      | pablusdiablus the Minotaur Fighter began the quest for the
                  | Orb.
     0 | D:1      | Reached XP level 1. HP: 19/19 MP: 0/0
   449 | D:1      | Reached XP level 2. HP: 27/27 MP: 1/1
   515 | D:1      | Found a faded altar of an unknown god.
   898 | D:1      | Found Fediuk's Antique Weapon Emporium.
  1238 | D:2      | Reached skill level 3 in Axes
  1247 | D:2      | Noticed Robin
  1252 | D:2      | Reached XP level 3. HP: 24/34 MP: 2/2
  1266 | D:2      | Killed Robin
  1720 | D:2      | Reached XP level 4. HP: 41/41 MP: 3/3
  2000 | D:3      | Reached skill level 4 in Axes
  2568 | D:3      | Noticed Jessica
  2582 | D:3      | Reached XP level 5. HP: 47/47 MP: 4/4
  2589 | D:3      | Killed Jessica
  2590 | D:3      | Reached skill level 5 in Axes
  2984 | D:3      | Noticed Sigmund
  2992 | D:3      | Killed Sigmund
  2993 | D:3      | Reached skill level 5 in Fighting
  2993 | D:3      | Reached skill level 6 in Axes
  2993 | D:3      | Reached XP level 6. HP: 51/56 MP: 5/5
  3393 | D:4      | Reached skill level 7 in Axes
  3531 | D:4      | Noticed Natasha
  3541 | D:4      | Killed Natasha
  3770 | D:4      | Reached skill level 5 in Armour
  3770 | D:4      | Reached XP level 7. HP: 62/62 MP: 6/6
  4213 | D:4      | Noticed Natasha
  4218 | D:4      | Killed Natasha
  4224 | D:4      | Noticed Natasha
  4231 | D:4      | Killed Natasha
  4232 | D:4      | Reached skill level 1 in Crossbows
  4524 | D:5      | Entered Level 5 of the Dungeon
  4598 | D:5      | Noticed Eustachio
  4834 | D:5      | Noticed a yak
  4834 | D:5      | Noticed a yak
  4834 | D:5      | Noticed a yak
  4834 | D:5      | Noticed a yak
  4842 | D:4      | Killed a yak
  4843 | D:4      | Reached skill level 8 in Axes
  4843 | D:4      | Killed a yak
  4844 | D:4      | Reached XP level 8. HP: 35/71 MP: 7/7
  5172 | D:5      | You fall into a shaft and drop 3 floors!
  5209 | D:8      | Noticed Pikel
  5222 | D:8      | Killed Pikel
  5223 | D:8      | Reached skill level 9 in Axes
  5307 | D:8      | Reached skill level 10 in Axes
  5399 | D:8      | Noticed Grum
  5406 | D:8      | Reached XP level 9. HP: 19/80 MP: 8/8
  5407 | D:8      | Mangled by Grum

Illustrated notes

Levels and vault maps discovered:
D:1:      dpeg_arrival_round_c, layout_loops_corners,
          chequers_ecumenical_altar_island, serial_shops, nicolae_shop_trees
D:2:      layout_loops_ring, uniq_robin
D:3:      layout_basic, uniq_sigmund, uniq_jessica
D:4:      layout_cave_pods, uniq_natasha
D:5:      layout_basic, kennysheep_little_box, tgw_fedhas,
          minmay_temple_entry_fiery, uniq_eustachio
D:8:      nzn_winding_woodlands_stair_cross
          [nzn_winding_woodlands_5x15_pathside_ponds,
          nzn_winding_woodlands_center_triple_pond,
          nzn_winding_woodlands_5x15_split_checker,
          nzn_winding_woodlands_5x5_three, nzn_winding_woodlands_hourglass,
          nzn_winding_woodlands_5x15_crooked,
          nzn_winding_woodlands_center_garden,
          nzn_winding_woodlands_5x15_longhouse], layout_cave_pools,
          marbit_many_paths, mainiacjoe_overflow_chevrons,
          chequers_ossuary_entry_cave, uniq_grum, uniq_harold, uniq_pikel

Skill      XL: |  1  2  3  4  5  6  7  8 |
---------------+-------------------------+-----
Fighting       | 4 5 6 7 |  7.6
Armour         | 4 5 6 |  6.8
Axes           | 3 4 6 7 8 10 | 10.1
Crossbows      | 2 3 |  3.7
Slings         | |  0.3
Shields        | |  3.6

Action                   |  1- 3 |  4- 6 |  7- 9 || total
-------------------------+-------+-------+-------++-------
Melee: War axe           |    74 |    84 |    56 ||   214
       Headbutt          |     9 |    10 |    11 ||    30
 Fire: Hunting sling     |       |     1 |       ||     1
       Hand crossbow     |       |     6 |    11 ||    17
  Use: Potion            |     1 |     2 |     3 ||     6
       Scroll            |       |     2 |     4 ||     6
Armor: Scale mail        |    48 |    25 |    23 ||    96
Dodge: Dodged            |    44 |    38 |    36 ||   118
Block: Buckler           |    16 |    10 |    13 ||    39

Table legend: (Time is in decaauts)
 A = Elapsed time spent in this place.
 B = Non-inter-level travel time spent in this place.
 C = Inter-level travel time spent in this place.
 D = Time resting spent in this place.
 E = Time spent auto-exploring this place.
 F = Levels seen in this place.
 G = Mean time per level.
                   A        B        C        D        E       F      G
               +--------+--------+--------+--------+--------+-----+--------+
         Total |   5444 |   4947 |    497 |    385 |   3881 |   6 |  907.3 |
       Dungeon |   5444 |   4947 |    497 |    385 |   3881 |   6 |  907.3 |
               +--------+--------+--------+--------+--------+-----+--------+

Top non-repeatable levels by time:
     D:4: 1619 daAuts
     D:3: 1376 daAuts
     D:1: 1113 daAuts
     D:2: 861 daAuts
     D:5: 237 daAuts
     D:8: 236 daAuts
